 Dungeon Crawl Stone Soup version 0.25.1-2-g60ff931df9 (webtiles) character file.

Game seed: 4169705790603281410

3734 lorenzova the Thaumaturge (level 9, -11/45 HPs)
             Began as a Deep Elf Conjurer on Sept 15, 2020.
             Was a Follower of Vehumet.
             Killed from afar by Harold (14 damage)
             ... with a harpoon shot
             ... on level 8 of the Dungeon.
             The game lasted 00:21:35 (9876 turns).

lorenzova the Thaumaturge (Deep Elf Conjurer)       Turns: 9876, Time: 00:21:35

Health: -11/45     AC:  9    Str:  5    XL:     9   Next: 92%
Magic:  18/27      EV: 13    Int: 30    God:    Vehumet [*.....]
Gold:   339        SH:  0    Dex: 15    Spells: 21/32 levels left

rFire    . . .     SeeInvis .   z - staff of death
rCold    . . .     Gourm    .   (no shield)
rNeg     + . .     Faith    .   a - +0 robe
rPois    .         Spirit   .   k - +2 helmet
rElec    .         Reflect  .   (no cloak)
rCorr    .         Harm     .   (no gloves)
MR       .....                  (no boots)
Stlth    ++........             (no amulet)
HPRegen  0.15/turn              q - +6 ring of intelligence
MPRegen  0.20/turn              x - +4 ring of protection

@: marked, very slightly contaminated, invisible
A: no striking features
a: Renounce Religion


You were on level 8 of the Dungeon.
You worshipped Vehumet.
Vehumet was aware of your devotion.
You were not hungry.

You visited 2 branches of the dungeon, and saw 10 of its levels.
You also visited: Sewer.

You collected 367 gold pieces.
You spent 28 gold pieces at shops.

Inventory:

Armour
 a - a +0 robe (worn)
 k - a +2 helmet (worn)
Magical Staves
 z - an uncursed staff of death (weapon)
Jewellery
 d - an uncursed amulet of faith {unknown}
 q - a +6 ring of intelligence (left hand)
 x - a +4 ring of protection (right hand)
Wands
 r - a wand of digging (1)
 s - a wand of random effects (33)
 v - a wand of enslavement (16)
 F - a wand of disintegration (15)
Scrolls
 b - a scroll of enchant armour {unknown}
 e - 5 scrolls of remove curse
 f - 3 scrolls of noise
 j - 3 scrolls of fog {unknown}
 l - 2 scrolls of blinking {unknown}
 m - 3 scrolls of magic mapping {unknown}
 n - 6 scrolls of teleportation
 o - 2 scrolls of immolation
 p - 3 scrolls of fear {unknown}
 y - 3 scrolls of enchant weapon {unknown}
 C - a scroll of holy word {unknown}
Potions
 g - 11 potions of curing
 h - a potion of might
 i - a potion of stabbing
 t - a potion of resistance
 u - 2 potions of ambrosia
 A - 3 potions of flight
 B - a potion of berserk rage {unknown}
 E - a potion of heal wounds {unknown}
Comestibles
 c - 15 rations
 D - 3 chunks of flesh


   Skills:
 - Level 2.4 Dodging
 - Level 2.4 Stealth
 * Level 12.3 Spellcasting
 * Level 11.1 Conjurations
 + Level 4.3 Hexes
 + Level 3.5 Translocations


You had 21 spell levels left.
You knew the following spells:

 Your Spells              Type           Power        Failure   Level  Hunger
a - Magic Dart            Conj           ####         1%          1    None
c - Iskenderun's Mystic   Conj/Tloc      ######..     1%          4    None
d - Fulminant Prism       Conj/Hex       ######....   1%          4    None
z - Searing Ray           Conj           ######       1%          2    None

Your spell library contained the following spells:

 Spells                   Type           Power        Failure   Level  Hunger
 Shock                    Conj/Air       ####         1%          1    None
 Apportation              Tloc           #####.       1%          1    None
 Corona                   Hex            #####..      1%          1    None
 Dazzling Flash           Conj/Hex       ######       1%          3    None
 Animate Skeleton         Necr           N/A          2%          1    None
 Summon Small Mammal      Summ           ###.         2%          1    None


Dungeon Overview and Level Annotations

Branches:
Dungeon (9/15)             Temple (1/1) D:5           Sewer (visited)
   Lair: D:8-11         Orc: D:9-12

Altars:
Ashenzari
Cheibriados
Dithmenos
Elyvilon
Fedhas
Gozag
Nemelex Xobeh
Okawaru
Qazlal
Sif Muna
Trog
Vehumet
Wu Jian
Xom
Yredelemnul
The Shining One

Shops:
D:6 *

Annotations:
D:8 exclusion: upstairs, Harold, Maggie


Message History

(Press . to maintain the ray.) Harold hits you from afar with a +0 trident!
The searing ray hits Harold!
Harold is moderately wounded.
Harold points at you and mumbles some strange words.
A sentinel's mark forms upon you.
The searing ray hits Harold.
Harold is moderately wounded.
Harold barely misses you.
The searing ray hits Harold!
Harold is heavily wounded.
You finish channeling your searing ray.
Harold hits you from afar with a +0 trident!
* * * LOW HITPOINT WARNING * * *
You fade into invisibility!
Harold barely misses you.
You are very lightly contaminated with residual magic.
Harold fires a harpoon shot at you. The harpoon shot hits you!
You die...

.....................# #.# #.#
###############..........# #.#
#.####....@.. #.## ###### ##.#
##..... #... #....#
#..#######....#.#### ###.##.#
#..#................
....##.#######..#.#####...)......
###...............### #.#.(..####
#>##.###......@.>.# #.#..#.####
#.##.# #.###..###@# #.#..#.....
#.##.# #.# #..# #÷# #.#..######
#.##.###.###..# #.# #.#..# #
###.##..........###.###....######
....######.###...................
##### #.########.####......###
#..........# ##.###.###
############ #.# #....


You could see Harold.

Vanquished Creatures
  Grinder (D:4)
  A hippogriff (D:7)
  A wyvern (D:8)
  A human (D:3)
  Menkaure (D:5)
  Edmund (D:4)
  A water moccasin (D:7)
  A black bear (D:9)
  An orc warrior (D:7)
  A phantom (D:4)
  A sky beast (D:6)
  2 ice beasts
  2 ogres
  A centaur (D:7)
  2 big kobolds (Sewer)
  3 bullfrogs
  3 scorpions
  5 killer bees
  3 crimson imps
  3 bullfrog zombies
  2 orc priests
  A hound (D:7)
  Crazy Yiuf (D:3)
  5 iguanas
  Ijyb (D:4)
  10 orc wizards
  6 worker ants
  2 hound skeletons
  Robin (D:3)
  4 gnolls (D:8)
  12 adders
  4 oozes
  7 worms
  A dart slug (D:2)
  6 leopard geckos
  19 orcs
  2 ball pythons
  6 bats
  14 giant cockroaches
  7 hobgoblins
  6 jackals
  4 quokkas
  A frilled lizard (D:1)
  8 goblins
  2 jackal zombies (D:3)
  12 kobolds
  A leopard gecko zombie (D:8)
  5 rats
185 creatures vanquished.

Vanquished Creatures (others)
  2 orcs (D:3)
  A fulminant prism (D:9)
3 creatures vanquished.

Grand Total: 188 creatures vanquished

Notes
Turn   | Place    | Note
-------+----------+-------------------------------------------
     0 | D:1      | lorenzova the Deep Elf Conjurer began the quest for the
                  | Orb.
     0 | D:1      | Reached XP level 1. HP: 10/10 MP: 6/6
   426 | D:1      | Reached XP level 2. HP: 15/15 MP: 4/8
   430 | D:1      | Learned a level 2 spell: Searing Ray
  1114 | D:2      | Reached skill level 4 in Spellcasting
  1154 | D:1      | Reached XP level 3. HP: 8/19 MP: 0/10
  1341 | D:2      | Reached skill level 5 in Conjurations
  1425 | D:2      | Noticed an ice beast
  1432 | D:2      | Killed an ice beast
  1432 | D:2      | Reached skill level 5 in Spellcasting
  1432 | D:2      | Reached XP level 4. HP: 24/24 MP: 3/13
  1662 | D:2      | Reached XP level 5. HP: 28/28 MP: 10/14
  2032 | D:2      | Found a sparkling altar of Nemelex Xobeh.
  2158 | D:2      | Found a white marble altar of Elyvilon.
  2599 | D:3      | Found a runed translucent door.
  2599 | D:3      | Noticed a human
  2604 | D:3      | Found a basalt altar of Yredelemnul.
  2704 | D:3      | Killed a human
  2704 | D:3      | Reached skill level 6 in Spellcasting
  2704 | D:3      | Reached XP level 6. HP: 16/32 MP: 3/17
  2902 | D:3      | Learned a level 4 spell: Iskenderun's Mystic Blast
  2907 | D:3      | Learned a level 4 spell: Fulminant Prism
  3022 | D:3      | Found a blossoming altar of Fedhas.
  3363 | D:3      | Noticed Robin
  3368 | D:3      | Killed Robin
  3566 | D:3      | Found a runed translucent door.
  3567 | D:3      | Noticed Crazy Yiuf
  3572 | D:3      | Killed Crazy Yiuf
  3572 | D:3      | Reached skill level 7 in Spellcasting
  3706 | D:4      | Noticed Ijyb
  3711 | D:4      | Killed Ijyb
  3757 | D:4      | Reached XP level 7. HP: 36/36 MP: 11/20
  3963 | D:4      | Reached skill level 8 in Spellcasting
  4027 | D:4      | Noticed Edmund
  4040 | D:4      | Killed Edmund
  4575 | D:4      | Noticed Grinder
  4583 | D:4      | Killed Grinder
  4583 | D:4      | Reached skill level 9 in Spellcasting
  4583 | D:4      | Reached XP level 8. HP: 41/41 MP: 16/23
  4944 | D:5      | Entered Level 5 of the Dungeon
  5086 | D:5      | Noticed Menkaure
  5091 | D:5      | Killed Menkaure
  5206 | D:5      | Found a glowing drain.
  5215 | Sewer    | Entered a sewer
  5505 | Sewer    | Reached skill level 10 in Spellcasting
  5950 | D:5      | Found a staircase to the Ecumenical Temple.
  6038 | Temple   | Entered the Ecumenical Temple
  6189 | Temple   | Became a worshipper of Vehumet
  6282 | D:5      | Found a stormy altar of Qazlal.
  6601 | D:6      | Found Fekacis's General Store.
  6606 | D:6      | Bought a scroll of identify for 28 gold pieces
  6886 | D:6      | Found a sparkling altar of Nemelex Xobeh.
  6888 | D:6      | Found an iron altar of Okawaru.
  6888 | D:6      | Found a glowing golden altar of the Shining One.
  6890 | D:6      | Found an ornate altar of the Wu Jian Council.
  6890 | D:6      | Found an iron altar of Okawaru.
  6890 | D:6      | Found a shimmering altar of Xom.
  7046 | D:6      | Found a snail-covered altar of Cheibriados.
  7302 | D:7      | Reached skill level 1 in Hexes
  7350 | D:7      | Reached skill level 10 in Conjurations
  7350 | D:7      | Reached skill level 1 in Translocations
  7350 | D:7      | Reached XP level 9. HP: 45/45 MP: 19/25
  7411 | D:7      | Reached skill level 11 in Spellcasting
  7683 | D:7      | Found a shattered altar of Ashenzari.
  8511 | D:7      | Noticed a rust devil
  8511 | D:7      | Noticed a rust devil
  8518 | D:8      | secret cave level D:9
  8640 | D:8      | Reached * piety under Vehumet
  8640 | D:8      | Offered knowledge of Shock by Vehumet.
  8951 | D:8      | Noticed Maggie
  8969 | D:8      | Noticed Harold
  9393 | D:9      | Reached skill level 12 in Spellcasting
  9824 | D:9      | Noticed a two-headed ogre
  9859 | D:9      | Noticed a two-headed ogre
  9874 | D:8      | HP: 2/45 [Harold/+0 trident (12)]
  9876 | D:8      | Killed from afar by Harold

Illustrated notes

#.#.######.###
#.#.##........
#.[)[<[....#
###..÷.#####
###..# #..#
#..# #..# #<@#
#..# #..# #..#
#..# #... #.#.
#.#.#


Turn 8518 on D:8: secret cave level D:9

Levels and vault maps discovered:
D:1:      dpeg_arrival_prison, layout_loops_ring
D:2:      layout_loops_ring, nemelex_xobeh_ov_fountains_minmay,
          old_standard_altar, hangedman_feature_mirror, minmay_worlds_worst_comb
D:3:      layout_basic, fedhas_altar_fruit_tree, serial_rivers,
          chequers_serial_rivers_micro_e, chequers_serial_rivers_micro_d,
          chequers_serial_rivers_micro_e, chequers_serial_rivers_micro_e,
          hangedman_decor_points, dk_yredelemnul_ordeal,
          uniq_crazy_yiuf_cottage, uniq_robin
D:4:      layout_basic, first_ration, chequers_garden,
          kennysheep_generic_room_11, uniq_edmund, uniq_grinder, uniq_ijyb
D:5:      layout_basic, grunt_qazlal_sundering, minmay_temple_entry_nine_rooms,
          portal_sewer_entry_d, uniq_menkaure
D:6:      layout_rooms, cheibrodos_worm_habitat, doesnt_xom_only_xom,
          serial_shops, shop
D:7:      cheibrodos_iron_armory, layout_cave_pods, kennysheep_mini
D:8:      layout_loops_ring, zin_treasury, uniq_harold, uniq_maggie
D:9:      layout_rooms, grunt_lair_entry_orc_guard_hut, basic_altar,
          minivault_15
Temple:   minmay_temple_curvy_branch

Skill      XL: |  1  2  3  4  5  6  7  8  9 |
---------------+----------------------------+-----
Spellcasting   | 4 5 6 7 9 10 12 | 12.3
Conjurations   | 5 6 7 8 10 11 | 11.1
Hexes          | 1 4 |  4.3
Translocations | 1 3 |  3.5
Dodging        | |  2.4
Stealth        | |  2.4

Action                   |  1- 3 |  4- 6 |  7- 9 || total
-------------------------+-------+-------+-------++-------
Melee: Unarmed           |    24 |       |       ||    24
 Cast: Magic Dart        |    51 |   107 |   168 ||   326
       Searing Ray       |     2 |    13 |    67 ||    82
       Fulminant Prism   |       |       |     1 ||     1
  Use: Scroll            |       |     4 |     6 ||    10
       Potion            |       |       |     1 ||     1
  Eat: Chunk             |     1 |     7 |    16 ||    24
       Ration            |       |       |     1 ||     1
Armor: Robe              |    10 |     5 |    24 ||    39
Dodge: Dodged            |    35 |     8 |    55 ||    98
